 Dungeon Crawl Stone Soup version 0.23-a0-8-gb809bb7 (webtiles) character file.

247 Amnesiac the Conjurer (level 5, -6/35 HPs)
             Began as a Mummy Conjurer on Aug 2, 2018.
             Mangled by Duvessa
             ... wielding a +3 short sword of speed
              (8 damage)
             ... on level 4 of the Dungeon.
             The game lasted 00:04:37 (1737 turns).

Amnesiac the Conjurer (Mummy Conjurer)              Turns: 1737, Time: 00:04:37

Health: -6/35      AC:  2    Str: 11    XL:     5   Next: 85%
Magic:  12/12      EV: 12    Int: 16    God:
Gold:   39         SH:  0    Dex: 12    Spells: 8/14 levels left

rFire    x . .     SeeInvis .   a - +0 hunting sling
rCold    + . .     Gourm    .   (no shield)
rNeg     + + +     Faith    .   c - +0 robe
rPois    ∞         Spirit   .   (no helmet)
rElec    .         Reflect  .   (no cloak)
rCorr    .         Harm     .   (no gloves)
MR       .....                  (no boots)
Stlth    ++........             (no amulet)
HPRegen  0.11/turn              (no ring)
MPRegen  0.13/turn              (no ring)

@: no status effects
A: no food or potions, fire vulnerability, cold resistance 1, negative energy
resistance 3, torment resistance, unbreathing
a: no special abilities


You were on level 4 of the Dungeon.
You were not hungry.

You visited 1 branch of the dungeon, and saw 4 of its levels.

You collected 39 gold pieces.

Inventory:

Hand Weapons
 a - a +0 hunting sling (weapon)
Missiles
 d - 61 stones (quivered)
Armour
 c - a +0 robe (worn)
Wands
 i - a wand of flame (22)
Scrolls
 b - a scroll of fog {!r}
 e - 2 scrolls of identify {!r}
 f - a scroll of amnesia {!r}
 h - a scroll of remove curse {!r}


   Skills:
 - Level 1.5 Dodging
 - Level 1.5 Stealth
 + Level 5.0 Spellcasting
 * Level 5.1 Conjurations


You had 8 spell levels left.
You knew the following spells:

 Your Spells              Type           Power        Failure   Level  Hunger
b - Iskenderun's Mystic   Conj           ###.....     19%         4    N/A
d - Searing Ray           Conj           ###...       2%          2    N/A

Your spell library contained the following spells:

 Spells                   Type           Power        Failure   Level  Hunger
 Magic Dart               Conj           ###.         1%          1    N/A
 Fulminant Prism          Conj/Hex       ##........   45%         4    N/A
 Dazzling Spray           Conj/Hex       ##....       16%         3    N/A
 Force Lance              Conj/Tloc      ##......     45%         4    N/A

Dungeon Overview and Level Annotations

Branches:
Dungeon (4/15)
 Temple: D:4-7

Altars:
The Shining One

Annotations:
D:4 Duvessa


Innate Abilities, Weirdness & Mutations

You do not eat or drink.
Your flesh is vulnerable to fire.
You are immune to poison.
Your flesh is cold resistant. (rC+)
You are immune to negative energy. (rN+++)
You are immune to unholy pain and torment.
You can survive without breathing.


Message History

Dowan is severely wounded.
Dowan hits you with a dagger.
Unknown command.
Evoke which item? (* to show all) (? for menu, Esc to quit)
Okay, then.
Evoke which item? (* to show all) (? for menu, Esc to quit)
Aiming: Throw Flame
Press: ? - help, Shift-Dir - straight line, f/p - Dowan
Aim: Dowan, wielding a dagger and wearing a robe (severely wounded)
The puff of flame hits Dowan.
You kill Dowan!
You hear a distant scream of rage.
Your Spellcasting skill increases to level 5!
Your Conjurations skill increases to level 5!
Things that are here:
a dagger; a robe; an orc corpse You see here an iguana corpse.
You start resting.
HP restored.
You start resting.
Magic restored.
You start resting.
Magic restored.
Found a whip.
d - 61 stones (gained 15) HP restored.
Duvessa goes berserk!
Duvessa is too close now for your liking.
Really read
e - 3 scrolls labeled GUMIEDDU YZUEN {!r}?
As you read the scroll labeled GUMIEDDU YZUEN {!r}, it crumbles to dust.
It is a scroll of identify.
h - a scroll of remove curse {!r} Really read
f - 2 scrolls labeled ZIGIRGH ODOOGAMP {!r}?
As you read the scroll labeled ZIGIRGH ODOOGAMP {!r}, it crumbles to dust.
It is a scroll of amnesia.
Your memory of Magic Dart unravels.
Really read
b - 2 scrolls labeled QOLUIS GUNEM JEI {!r}?
As you read the scroll labeled QOLUIS GUNEM JEI {!r}, it crumbles to dust.
The scroll dissolves into smoke.
It was a scroll of fog {!r}.
Duvessa hits you with a short sword of speed!
Really read
g - a scroll labeled QOQ TASHRIGG {!r}?
As you read the scroll labeled QOQ TASHRIGG {!r}, it crumbles to dust.
You feel aware of your surroundings.
You sensed 1 altar, and 1 shop/portal.
It was a scroll of magic mapping {!r}.
Duvessa hits you with a short sword of speed.
Duvessa hits you with a short sword of speed!
* * * LOW HITPOINT WARNING * * *
Duvessa closely misses you.
Duvessa hits you with a short sword of speed!
* * * LOW HITPOINT WARNING * * *
Duvessa completely misses you.
Okay, then.
Cast which spell? (? or * to list)
Okay, then.
Duvessa hits you with a short sword of speed.
* * * LOW HITPOINT WARNING * * *
You see here a quarterstaff.
Duvessa rages.
Duvessa barely misses you.
Things that are here:
a dagger; a robe; an orc skeleton You see here an iguana skeleton.
Duvessa hits you with a short sword of speed!
You die...

..# #.......#*,* ####.#
..# #.!.....##,*##...<.
..# #.......##.##...#..
..#####
##(....###.$..#....
....!.#
#(...#######...#..
#####.#
#)#.###...........
#####.#####
####.#.##............
..........#
#....(.......##.####.
#####.###.#
#.##@#.......##.# #. #.#
#.# #.##e###.....##.# #.
#.# #.# #.##)#
##....##.####. #.#
#.###.##)# ##§#.##(.....
#.#
#..##.##.#####§#.########
#.# ##.##.##.#.§§§§#.#* #
#.#
#.##.##...####§#.#######
#.#
#.##.###..#*,,###.......
#.# #.##.#
#..##.#.#.#######


You could see Duvessa (berserk).

Vanquished Creatures
  Dowan (D:4)
  A bullfrog skeleton (D:4)
  An iguana (D:4)
  2 orc wizards (D:4)
  A hound zombie (D:4)
  A howler monkey skeleton (D:4)
  4 adders
  An ooze (D:3)
  7 orcs
  A bat (D:1)
  2 giant cockroaches
  2 frilled lizards
  A goblin (D:2)
  4 kobolds
29 creatures vanquished.

Notes
Turn   | Place    | Note
-------+----------+-------------------------------------------
     0 | D:1      | Amnesiac the Mummy Conjurer began the quest for the Orb.
     0 | D:1      | Reached XP level 1. HP: 13/13 MP: 4/4
   149 | D:2      | Reached XP level 2. HP: 16/19 MP: 0/6
   180 | D:2      | Learned a level 2 spell: Searing Ray
   480 | D:4      | Reached XP level 3. HP: 21/24 MP: 5/8
   712 | D:4      | Reached XP level 4. HP: 27/30 MP: 5/10
   747 | D:3      | Found a glowing golden altar of the Shining One.
   860 | D:4      | Noticed Duvessa
   860 | D:4      | Noticed Dowan
  1374 | D:4      | Reached XP level 5. HP: 35/35 MP: 4/11
  1381 | D:4      | Learned a level 4 spell: Iskenderun's Mystic Blast
  1621 | D:4      | Killed Dowan
  1621 | D:4      | Reached skill level 5 in Spellcasting
  1621 | D:4      | Reached skill level 5 in Conjurations
  1737 | D:4      | Mangled by Duvessa

Vault maps used:
D:1:      dpeg_arrival_tiny_c
D:2:      dk_noncrumbling_3, lexackson_kobold_supper, uniq_sigmund
D:3:      nicolae_overflow_crystal_walls
D:4:      lemuel_upstairs_altar, serial_shops, kennysheep_mini, uniq_duvessa

Skill      XL: |  1  2  3  4  5 |
---------------+----------------+-----
Spellcasting   | 3 4 5 |  5.0
Conjurations   | 4 5 |  5.1
Dodging        | |  1.5
Stealth        | |  1.5

Action                   |  1- 3 |  4- 6 || total
-------------------------+-------+-------++-------
 Fire: Hunting sling     |    15 |    14 ||    29
 Cast: Magic Dart        |    10 |    25 ||    35
       Searing Ray       |     5 |    11 ||    16
Evoke: Wand              |       |     1 ||     1
  Use: Scroll            |       |     4 ||     4
Armor: Robe              |       |     2 ||     2
Dodge: Dodged            |    20 |    27 ||    47

Table legend:
 A = Spawn XP
 B = Non-spawn XP
 C = Spawn XP percentage of total XP
 D = Spawn monster count
 E = Non-spawn monster count
 F = Spawn count percentage of total count
 G = Total turns spent on level
                    A         B        C        D         E        F      G
               +---------+---------+-------+---------+---------+-------+---------
         Total |       0 |     354 |   0.0 |       0 |      29 |   0.0 |  1737
               +---------+---------+-------+---------+---------+-------+---------
           D:1 |       0 |       6 |   0.0 |       0 |       4 |   0.0 |   155
           D:2 |       0 |      15 |   0.0 |       0 |       3 |   0.0 |    80
           D:3 |       0 |      17 |   0.0 |       0 |       6 |   0.0 |   775
           D:4 |       0 |     316 |   0.0 |       0 |      16 |   0.0 |   727
               +---------+---------+-------+---------+---------+-------+---------
